 Dungeon Crawl Stone Soup version 0.28.0 (webtiles) character file.

Game seed: 11100001352550364204

1352 GrayStillPlays the Shield-Bearer (level 8, -1/100 HPs)
             Began as a Gnoll Fighter on Feb 8, 2022.
             Succumbed to a killer bee's poison
             ... on level 5 of the Dungeon.
             The game lasted 00:11:02 (4853 turns).

GrayStillPlays the Shield-Bearer (Gnoll Fighter)    Turns: 4853, Time: 00:11:03

Health: -1/100     AC: 10    Str: 12 (15) XL:     8   Next: 63%
Magic:  13/13      EV:  6    Int:  6 (9)  God:
Gold:   283        SH:  6    Dex: 17 (19) Spells: 13/13 levels left

rFire   . . .      SeeInvis .   a - +0 war axe {axe}
rCold   + . .      Faith    .   c - +0 buckler
rNeg    . . .      Spirit   .   f - +0 chain mail
rPois   .          Reflect  .   (no helmet)
rElec   .          Harm     .   (no cloak)
rCorr   .          Rampage  .   (no gloves)
Will    .....                   (no boots)
Stlth   ..........              (no amulet)
HPRegen 0.26/turn               h - ring of protection from cold
MPRegen 0.13/turn               r - +6 ring of dexterity

@: brilliant, berserking, lethally poisoned (-1 -> -14), very quick
A: fangs 1, strong nose, distributed training
a: no special abilities


You were on level 5 of the Dungeon.
You visited 1 branch of the dungeon, and saw 5 of its levels.

You collected 283 gold pieces.


Innate Abilities, Weirdness & Mutations

You have very sharp teeth.
Your uncanny sense of smell can sniff out nearby items.
Your experience applies equally to all skills.


   Skills:
 + Level 7.4 Fighting
 + Level 3.4 Short Blades
 + Level 3.4 Long Blades
 + Level 5.8 Axes
 + Level 3.4 Maces & Flails
 + Level 3.4 Polearms
 + Level 3.4 Staves
 + Level 3.4 Slings
 + Level 3.4 Bows
 + Level 3.4 Crossbows
 + Level 3.4 Throwing
 + Level 7.4 Armour
 + Level 3.4 Dodging
 + Level 3.4 Stealth
 + Level 7.4 Shields
 + Level 3.4 Unarmed Combat
 + Level 3.4 Spellcasting
 + Level 2.8 Conjurations
 + Level 2.8 Hexes
 + Level 2.8 Summonings
 + Level 2.8 Necromancy
 + Level 2.8 Translocations
 + Level 2.8 Transmutations
 + Level 2.8 Fire Magic
 + Level 2.8 Ice Magic
 + Level 2.8 Air Magic
 + Level 2.8 Earth Magic
 + Level 2.8 Poison Magic
 + Level 3.8 Invocations
 + Level 3.4 Evocations


You had 13 spell levels left.
You didn't know any spells.
Your spell library contained the following spells:

 Spells                   Type           Power      Damage    Failure   Level
 Foxfire                  Conj/Fire      24%        2x1d5     98%         1
 Ensorcelled Hibernation  Hex/Ice        12%        N/A       99%         2
 Passwall                 Tmut/Erth      5%         N/A       99%         2
 Conjure Flame            Conj/Fire      6%         6-21      100%        3
 Inner Flame              Hex/Fire       6%         N/A       100%        3
 Ozocubu's Armour         Ice            6%         N/A       100%        3
 Swiftness                Air            6%         N/A       100%        3
 Flame Wave               Conj/Fire      6%         2d5       100%        4
 Metabolic Englaciation   Hex/Ice        3%         N/A       100%        5
 Simulacrum               Ice/Necr       3%         N/A       100%        6

Inventory:

Hand Weapons
 a - a +0 war axe (weapon) {axe}
Missiles
 e - 120 stones {throwing}
 l - 6 silver javelins {throwing}
 n - 31 bolts
 q - 9 curare-tipped darts (quivered) {=fthrowing}
 s - 13 sling bullets
 w - 4 poisoned darts {throwing}
 z - 20 arrows
Armour
 c - a +0 buckler (worn)
 f - a +0 chain mail (worn)
   (You found it on level 1 of the Dungeon)
Jewellery
 h - a ring of protection from cold (left hand)
   (You found it on level 1 of the Dungeon)
 r - a +6 ring of dexterity (right hand)
   (You found it on level 4 of the Dungeon)
Wands
 u - a wand of flame (11)
   (You took it off Ijyb on level 4 of the Dungeon)
 y - a wand of acid (6)
   (You found it on level 5 of the Dungeon)
Scrolls
 b - 2 scrolls of blinking {unknown}
 g - 4 scrolls of identify {unknown}
 i - 5 scrolls of teleportation {unknown}
 j - a scroll of fear {unknown}
 k - a scroll of amnesia {unknown}
 m - 2 scrolls of magic mapping {unknown}
 v - a scroll of vulnerability {unknown}
Potions
 d - a potion of might
 p - a potion of degeneration {!q@e2}
 x - a potion of brilliance

Dungeon Overview and Level Annotations

Branches:
Dungeon (5/15)
 Temple: D:4-7

Altars:
Fedhas
Kikubaaqudgha
Uskayaw
Wu Jian

Annotations:
D:4 2 transporters, sasquatch's ghost, amateur KoBr

#. #.#####..##.....# #.
##)##.....##..####
#.###...#.###.##.## #.........#
#.##.# ##.##...#.###....#
##.##............#
#...#..####..#...# ## #...#..#
#..#...# #. #...#..####@.....#
#######. ##P##....†..y....#
#....... #c##.##.####...##
#.###### #$##.##.#......# #.# #
#.#..##.#.##..######.######
#...≈.≈...#.#.##..# #..........
#...≈≈y...........# #.##.......
#.........####.#..###.##..##.##
..........# #.#..##......)..#


You could see a killer bee.


Message History

You take 1 damage, and now have 25/67 hp.
You miss the killer bee. Your bite misses the killer bee.
You feel sick.
You are no longer poisoned.
The killer bee stings you.
* * * LOW HITPOINT WARNING * * *
The killer bee closely misses you. 😨 HP[-2]
You take 2 damage, and now have 23/67 hp.
You slash the killer bee!
You kill the killer bee! 😨 HP[+1]
You start resting. 😨 HP[+1] MP[+1]
Your mp is fully restored (13).
You start resting.
A killer bee comes into view. 😨 HP[+2]
You regained 2 hp, and now have 27/67 hp.
Aiming: Corrosive Bolt
Press: ? - help, Q - select action, (/) - cycle Shift-Dir - straight line, f - killer bee
Aim: a killer bee (wandering, hasn't noticed you, 48% to hit)
The bolt of acid hits the killer bee!
The acid corrodes the killer bee!
You hit the killer bee but do no damage.
The killer bee stings you.
* * * LOW HITPOINT WARNING * * *
You are poisoned.
The killer bee poisons you! You block the killer bee's attack.
The killer bee stings you!
* * * LOW HITPOINT WARNING * * *
😨 HP[-10]
You take 10 damage, and now have 17/67 hp.
Aiming: Corrosive Bolt
Press: ? - help, Q - select action, (/) - cycle Shift-Dir - straight line, p - killer bee The bolt of acid hits the killer bee!
The killer bee seems to be corroded for longer.
You kill the killer bee!
You feel very sick.
A killer bee comes into view. 😱 HP[-3]
You take 3 damage, and now have 14/67 hp.
A killer bee is nearby!
A killer bee is nearby!
A killer bee is nearby!
You feel sick.
The killer bee stings you but does no damage.
Aiming: Corrosive Bolt
Press: ? - help, Q - select action, (/) - cycle Shift-Dir - straight line, f - killer bee
Aim: a killer bee (48% to hit)
The bolt of acid misses the killer bee.
You feel sick. The killer bee closely misses you. The killer bee stings you.
* * * LOW HITPOINT WARNING * * *
You are lethally poisoned!
The killer bee poisons you! 😱 HP[-6]
You take 6 damage, and now have 8/67 hp.
It was a potion of degeneration.
There was something very wrong with that liquid.
You feel weakened.
You feel dopey.
You feel clumsy.
* * * LOW HITPOINT WARNING * * *
You feel very sick. The killer bee barely misses you.
You block the killer bee's attack. 😱 HP[-3]
You take 3 damage, and now have 5/67 hp.
You are too injured to fight recklessly!
It was a potion of brilliance.
You feel clever all of a sudden.
* * * LOW HITPOINT WARNING * * *
You feel sick. The killer bee barely misses you. The killer bee stings you.
* * * LOW HITPOINT WARNING * * *
You are more poisoned.
The killer bee poisons you! 😱 HP[-4]
You take 4 damage, and now have 1/67 hp.
It was a potion of heal wounds.
You feel much better.
You feel very sick. You block the killer bee's attack.
The killer bee stings you.
* * * LOW HITPOINT WARNING * * *
😨 HP[+21]
You regained 21 hp, and now have 22/67 hp.
You miss the killer bee. Your bite misses the killer bee.
You feel very sick. The killer bee stings you!
* * * LOW HITPOINT WARNING * * *
You are lethally poisoned!
The killer bee poisons you! The killer bee stings you!
* * * LOW HITPOINT WARNING * * *
The killer bee stings you but does no damage. 😱 HP[-18]
You take 18 damage, and now have 4/67 hp.
MASSIVE DAMAGE!! (PAUSE) It was a potion of berserk rage.
A red film seems to cover your vision as you go berserk!
You feel yourself moving faster!
You feel mighty!
* * * LOW HITPOINT WARNING * * *
You feel very sick. The killer bee barely misses you.
You block the killer bee's attack. 😱 HP[-2]
You now have 100 max hp (+33).
You barely miss the killer bee. Your bite misses the killer bee.
You die...

Skill      XL: |  1  2  3  4  5  6  7  8 |
---------------+-------------------------+-----
Invocations    | 1 2 3 |  3.8
Short Blades   | 1 2 3 |  3.4
Long Blades    | 1 2 3 |  3.4
Maces & Flails | 1 2 3 |  3.4
Polearms       | 1 2 3 |  3.4
Staves         | 1 2 3 |  3.4
Slings         | 1 2 3 |  3.4
Bows           | 1 2 3 |  3.4
Crossbows      | 1 2 3 |  3.4
Throwing       | 1 2 3 |  3.4
Dodging        | 1 2 3 |  3.4
Stealth        | 1 2 3 |  3.4
Unarmed Combat | 1 2 3 |  3.4
Spellcasting   | 1 2 3 |  3.4
Evocations     | 1 2 3 |  3.4
Conjurations   | 1 2 |  2.8
Hexes          | 1 2 |  2.8
Summonings     | 1 2 |  2.8
Necromancy     | 1 2 |  2.8
Translocations | 1 2 |  2.8
Transmutations | 1 2 |  2.8
Fire Magic     | 1 2 |  2.8
Ice Magic      | 1 2 |  2.8
Air Magic      | 1 2 |  2.8
Earth Magic    | 1 2 |  2.8
Poison Magic   | 1 2 |  2.8
Axes           | 5 |  5.8
Fighting       | 7 |  7.4
Armour         | 7 |  7.4
Shields        | 7 |  7.4

Action                   |  1- 3 |  4- 6 |  7- 9 || total
-------------------------+-------+-------+-------++-------
Melee: War axe           |    85 |   122 |    75 ||   282
       Bite              |     5 |    19 |     8 ||    32
Throw: Dart              |       |    10 |    15 ||    25
Evoke: Wand              |       |       |     4 ||     4
  Use: Potion            |       |       |     4 ||     4
Armor: Chain mail        |    53 |    72 |    35 ||   160
       Scale mail        |     5 |       |       ||     5
Dodge: Dodged            |    37 |    35 |    28 ||   100
Block: Buckler           |    27 |    31 |    20 ||    78

Levels and vault maps discovered:
D:1:      dpeg_arrival_ratfight, layout_loops_ring,
          chequers_ecumenical_altar_twisty
D:2:      layout_basic
D:3:      layout_loops_corners, fedhas_altar_1, minmay_puff
D:4:      layout_loops_ring, gammafunk_ghost_smash, roderic_lattice_a,
          uniq_ijyb, uniq_sigmund
D:5:      layout_loops_ring, chequers_temple_overflow_statue_of_worship,
          kennysheep_mini, minmay_temple_entry_from_below_a,
          kb_lookout_dungeons_type, minivault_5, uniq_blork_the_orc,
          uniq_eustachio

Notes
Turn   | Place    | Note
-------+----------+-------------------------------------------
     0 | D:1      | GrayStillPlays the Gnoll Fighter began the quest for the
                  | Orb.
     0 | D:1      | Reached XP level 1. HP: 23/23 MP: 1/1
     0 | D:1      | magus.rc [v1.9.6]
   107 | D:1      | You pick up a book of Burglary and begin reading...
   107 | D:1      | You add the spells Passwall, Ensorcelled Hibernation and
                  | Swiftness to your library.
   213 | D:1      | Reached XP level 2. HP: 25/29 MP: 2/2
   397 | D:1      | Reached XP level 3. HP: 35/35 MP: 3/3
   405 | D:1      | Found a faded altar of an unknown god.
   924 | D:2      | Reached skill level 1 in Invocations
   928 | D:2      | Reached skill level 1 in Short Blades
   928 | D:2      | Reached skill level 1 in Long Blades
   928 | D:2      | Reached skill level 1 in Maces & Flails
   928 | D:2      | Reached skill level 1 in Polearms
   928 | D:2      | Reached skill level 1 in Staves
   928 | D:2      | Reached skill level 1 in Slings
   928 | D:2      | Reached skill level 1 in Bows
   928 | D:2      | Reached skill level 1 in Crossbows
   928 | D:2      | Reached skill level 1 in Throwing
   928 | D:2      | Reached skill level 1 in Dodging
   928 | D:2      | Reached skill level 1 in Stealth
   928 | D:2      | Reached skill level 1 in Unarmed Combat
   928 | D:2      | Reached skill level 1 in Spellcasting
   928 | D:2      | Reached skill level 1 in Evocations
   930 | D:2      | Reached XP level 4. HP: 15/41 MP: 5/5
  1265 | D:2      | Reached skill level 1 in Conjurations
  1265 | D:2      | Reached skill level 1 in Hexes
  1265 | D:2      | Reached skill level 1 in Summonings
  1265 | D:2      | Reached skill level 1 in Necromancy
  1265 | D:2      | Reached skill level 1 in Translocations
  1265 | D:2      | Reached skill level 1 in Transmutations
  1265 | D:2      | Reached skill level 1 in Fire Magic
  1265 | D:2      | Reached skill level 1 in Ice Magic
  1265 | D:2      | Reached skill level 1 in Air Magic
  1265 | D:2      | Reached skill level 1 in Earth Magic
  1265 | D:2      | Reached skill level 1 in Poison Magic
  1913 | D:3      | Reached XP level 5. HP: 44/47 MP: 5/7
  1944 | D:3      | Found a blossoming altar of Fedhas.
  1998 | D:3      | You fall into a shaft and drop 1 floor!
  2417 | D:4      | Reached skill level 2 in Invocations
  2417 | D:4      | Reached XP level 6. HP: 33/53 MP: 8/8
  2610 | D:3      | You pick up a book of Flames and begin reading...
  2610 | D:3      | You add the spells Foxfire, Conjure Flame, Inner Flame and
                  | Flame Wave to your library.
  3185 | D:3      | Noticed a black bear
  3189 | D:3      | Killed a black bear
  3190 | D:3      | Reached skill level 2 in Short Blades
  3190 | D:3      | Reached skill level 2 in Long Blades
  3190 | D:3      | Reached skill level 5 in Axes
  3190 | D:3      | Reached skill level 2 in Maces & Flails
  3190 | D:3      | Reached skill level 2 in Polearms
  3190 | D:3      | Reached skill level 2 in Staves
  3190 | D:3      | Reached skill level 2 in Slings
  3190 | D:3      | Reached skill level 2 in Bows
  3190 | D:3      | Reached skill level 2 in Crossbows
  3190 | D:3      | Reached skill level 2 in Throwing
  3190 | D:3      | Reached skill level 2 in Dodging
  3190 | D:3      | Reached skill level 2 in Stealth
  3190 | D:3      | Reached skill level 2 in Unarmed Combat
  3190 | D:3      | Reached skill level 2 in Spellcasting
  3190 | D:3      | Reached skill level 2 in Evocations
  3227 | D:3      | You pick up a book of Flames and begin reading...
  3628 | D:4      | Noticed Ijyb
  3631 | D:4      | Killed Ijyb
  3689 | D:4      | Found a transporter.
  3690 | D:4      | Found a transporter.
  3691 | D:4      | Noticed sasquatch's ghost (amateur KoBr)
  3904 | D:4      | Noticed Sigmund
  3908 | D:4      | Killed Sigmund
  3909 | D:4      | Reached skill level 7 in Fighting
  3909 | D:4      | Reached skill level 7 in Armour
  3909 | D:4      | Reached skill level 7 in Shields
  3909 | D:4      | Reached skill level 2 in Conjurations
  3909 | D:4      | Reached skill level 2 in Hexes
  3909 | D:4      | Reached skill level 2 in Summonings
  3909 | D:4      | Reached skill level 2 in Necromancy
  3909 | D:4      | Reached skill level 2 in Translocations
  3909 | D:4      | Reached skill level 2 in Transmutations
  3909 | D:4      | Reached skill level 2 in Fire Magic
  3909 | D:4      | Reached skill level 2 in Ice Magic
  3909 | D:4      | Reached skill level 2 in Air Magic
  3909 | D:4      | Reached skill level 2 in Earth Magic
  3909 | D:4      | Reached skill level 2 in Poison Magic
  3909 | D:4      | Reached XP level 7. HP: 60/60 MP: 10/10
  4061 | D:5      | Entered Level 5 of the Dungeon
  4061 | D:5      | Noticed Eustachio
  4080 | D:5      | Killed Eustachio
  4081 | D:5      | Reached skill level 3 in Invocations
  4099 | D:5      | You pick up a book of Winter and begin reading...
  4099 | D:5      | You add the spells Ozocubu's Armour, Metabolic Englaciation
                  | and Simulacrum to your library.
  4188 | D:5      | Reached XP level 8. HP: 67/67 MP: 12/12
  4249 | D:5      | Noticed Blork the orc
  4255 | D:5      | Killed Blork the orc
  4256 | D:5      | Reached skill level 3 in Short Blades
  4256 | D:5      | Reached skill level 3 in Long Blades
  4256 | D:5      | Reached skill level 3 in Maces & Flails
  4256 | D:5      | Reached skill level 3 in Polearms
  4256 | D:5      | Reached skill level 3 in Staves
  4256 | D:5      | Reached skill level 3 in Slings
  4256 | D:5      | Reached skill level 3 in Bows
  4256 | D:5      | Reached skill level 3 in Crossbows
  4256 | D:5      | Reached skill level 3 in Throwing
  4256 | D:5      | Reached skill level 3 in Dodging
  4256 | D:5      | Reached skill level 3 in Stealth
  4256 | D:5      | Reached skill level 3 in Unarmed Combat
  4256 | D:5      | Reached skill level 3 in Spellcasting
  4256 | D:5      | Reached skill level 3 in Evocations
  4460 | D:5      | Found an ornate altar of the Wu Jian Council.
  4461 | D:5      | Found an ancient bone altar of Kikubaaqudgha.
  4461 | D:5      | Found a hide-covered altar of Uskayaw.
  4845 | D:5      | HP: 14/67 [poisoned by a killer bee]
  4848 | D:5      | HP: 5/67 [poisoned by a killer bee]
  4849 | D:5      | HP: 1/67 [killer bee (2)]
  4853 | D:5      | Succumbed to a killer bee's poison

Vanquished Creatures
  Sigmund (D:4)
  Eustachio (D:5)
  A black bear (D:3)
  2 ogres (D:5)
  Blork the orc (D:5)
  2 scorpions (D:5)
  4 killer bees (D:5)
  A jelly (D:4)
  3 hounds
  Ijyb (D:4)
  4 iguanas
  An orc wizard (D:5)
  4 gnolls
  4 adders
  An adder skeleton (D:2)
  2 worms
  A dart slug (D:2)
  5 orcs
  9 bats
  5 endoplasms
  3 giant cockroaches
  3 goblins
  2 hobgoblins
  11 jackals
  3 kobolds (D:1)
  A quokka (D:4)
  5 ball pythons
  3 frilled lizards
  7 rats
91 creatures vanquished.

Vanquished Creatures (others)
  A bush (D:5)
1 creature vanquished.

Grand Total: 92 creatures vanquished

Table legend:
 A = Non-vault XP
 B = Vault XP
 C = Vault XP percentage of total XP
 D = Non-vault monster count
 E = Vault monster count
 F = Vault count percentage of total count
                 A         B        C        D         E       F
            +---------+---------+-------+---------+---------+-------
      Total |    1355 |     577 |  29.9 |      80 |      11 |  12.1
            +---------+---------+-------+---------+---------+-------
        D:1 |      41 |       5 |  10.9 |      17 |       5 |  22.7
        D:2 |     100 |       0 |   0.0 |      18 |       0 |   0.0
        D:3 |     200 |       4 |   2.0 |      16 |       2 |  11.1
        D:4 |     189 |     263 |  58.2 |      13 |       2 |  13.3
        D:5 |     825 |     305 |  27.0 |      16 |       2 |  11.1
            +---------+---------+-------+---------+---------+-------

Illustrated notes

Table legend:
 A = Kills in this place as a percentage of kills in entire the game.
 B = Kills by you in this place as a percentage of kills by you in the entire game.
 C = Kills by friends in this place as a percentage of kills by friends in the entire game.
 D = Other kills in this place as a percentage of other kills in the entire game.
 E = Experience gained in this place as a percentage of experience gained in the entire game.
 F = Experience gained in this place divided by the number of levels of this place that you have seen.
                   A       B       C       D       E      F
               +-------+-------+-------+-------+-------+----------------------
         Total | 100.0 | 100.0 |   N/A |   N/A | 100.0 | 386.4
       Dungeon | 100.0 | 100.0 |   N/A |   N/A | 100.0 | 386.4
               +-------+-------+-------+-------+-------+----------------------

Table legend: (Time is in decaauts)
 A = Elapsed time spent in this place.
 B = Non-inter-level travel time spent in this place.
 C = Inter-level travel time spent in this place.
 D = Time resting spent in this place.
 E = Time spent auto-exploring this place.
 F = Levels seen in this place.
 G = Mean time per level.
                   A        B        C        D        E       F      G
               +--------+--------+--------+--------+--------+-----+--------+
         Total |   4933 |   4792 |    141 |    793 |   2793 |   5 |  986.6 |
       Dungeon |   4933 |   4792 |    141 |    793 |   2793 |   5 |  986.6 |
               +--------+--------+--------+--------+--------+-----+--------+

Top non-repeatable levels by time:
     D:3: 1152 daAuts
     D:2: 1147 daAuts
     D:4: 1057 daAuts
     D:5: 809 daAuts
     D:1: 766 daAuts
